Map: 2000 Atmospheres LE

Players

DevilFish

  • Race: Terran Terran
  • Spawn Location: 7:00

Funkyvirus - Winner!

  • Race: Terran Terran
  • Spawn Location: 3:00

VOD

Have the link to the VOD?

Description

Time

  • Played on: Sept. 12, 2021, 5:44 a.m.
  • Length: 9:51
Show
View Real Time Build Order
Export as new Build Order

DevilFish Terran 

Build Orders:  

Get SALT Encoding   

  12  0:10  Supply Depot  
  12  0:22  Refinery  
  12  0:32  SCV  
  12  0:33  Supply Depot  
  13  0:49  SCV  
  14  0:50  Engineering Bay  
  14  1:01  SCV  
  15  1:13  SCV  
  16  1:25  SCV, Barracks  
  17  1:37  SCV  
  18  1:43  Refinery  
  18  1:49  SCV  
  19  2:01  SCV  
  20  2:13  SCV  
  21  2:20  Reaper  
  22  2:26  SCV  
  22  2:38  SCV  
  22  2:39  Barracks  
  23  2:50  SCV, Factory  
  25  3:02  SCV  
  25  3:05  Barracks Reactor  
  25  3:15  SCV  
  26  4:38  Barracks Reactor  
  26  4:39  Reaper  
  26  4:40  Reaper  
  26  4:44  Factory Tech Lab  
  28  4:52  Starport  
  28  5:03  Orbital Command  
  28  5:11  Reaper  
  28  5:12  Reaper  
  29  5:29  Starport  
  29  5:30  Command Center  
  29  5:43  Reaper, Supply Depot  
  29  5:44  Reaper  
  31  5:55  Reaper x2, Siege Tank  
  36  6:07  Supply Depot  
  36  6:16  Reaper x2  
  38  6:24  Supply Depot  
  38  6:27  Reaper, Siege Tank  
  38  6:29  Supply Depot  
  41  6:43  Refinery  
  41  6:46  Supply Depot  
  41  6:53  Supply Depot  
  41  7:07  Refinery  
  39  7:10  Supply Depot  
  36  7:30  Viking  
  36  7:31  Viking  
  36  7:32  Supply Depot  
  40  7:37  SCV  
  41  7:49  SCV  
  42  8:00  Viking  
  42  8:01  Viking  
  42  8:02  SCV  
  47  8:08  Armory  
  47  8:14  SCV  
  48  8:25  Widow Mine  
  48  8:26  SCV  
  51  8:30  Viking  
  51  8:31  Viking  
  55  8:38  SCV  
  56  8:46  Widow Mine  
  48  8:50  SCV  
  48  8:55  Armory  
  48  9:00  Viking  
  48  9:01  Viking  
  48  9:02  SCV  
  53  9:07  Widow Mine  
  55  9:14  SCV  
  45  9:29  Widow Mine  
Show
View Real Time Build Order
Export as new Build Order

Funkyvirus Terran - Winner!

Build Orders:  

Get SALT Encoding   

  12  0:01  SCV  
  13  0:15  Supply Depot  
  13  0:18  SCV  
  14  0:30  SCV  
  15  0:39  Barracks  
  15  0:42  SCV  
  16  0:54  SCV  
  17  0:58  Supply Depot  
  17  1:06  SCV, Refinery  
  18  1:18  SCV  
  19  1:28  Marine  
  20  1:39  Command Center  
  20  1:42  SCV  
  20  1:46  Marine  
  22  2:04  Marine  
  22  2:06  Supply Depot  
  23  2:13  SCV  
  24  2:19  Refinery  
  24  2:25  SCV  
  25  2:37  Barracks  
  25  2:38  Barracks Reactor  
  25  2:41  SCV  
  26  2:53  SCV  
  26  2:55  SCV  
  28  3:04  Engineering Bay  
  28  3:05  SCV  
  28  3:07  SCV, Factory  
  30  3:18  Orbital Command  
  30  3:19  SCV  
  31  3:21  Supply Depot  
  31  3:26  Barracks Tech Lab  
  31  3:31  SCV, Refinery  
  32  3:43  SCV  
  33  3:49  Marine  
  33  3:50  Marine x2  
  36  4:00  Factory Tech Lab  
  36  4:06  Missile Turret  
  36  4:07  Marine x2  
  36  4:08  Marauder  
  40  4:18  Missile Turret  
  40  4:26  SCV  
  40  4:28  SCV  
  41  4:31  Refinery  
  41  4:35  Supply Depot  
  41  4:37  Supply Depot  
  41  4:38  SCV  
  41  4:39  Marine x2  
  41  4:40  SCV  
  41  4:42  Siege Tank  
  48  4:50  SCV  
  48  4:51  Missile Turret  
  48  4:52  SCV  
  50  4:57  Supply Depot  
  50  5:04  SCV  
  50  5:05  SCV  
  52  5:11  Stimpack  
  52  5:16  SCV  
  52  5:17  SCV  
  53  5:27  Marauder  
  53  5:28  SCV  
  56  5:29  Marine x2  
  59  5:35  SCV  
  59  5:40  SCV  
  60  5:47  SCV, Starport, Marine x2  
  60  5:49  Marauder  
  65  5:51  Siege Tank  
  65  5:52  SCV  
  69  5:59  SCV  
  70  6:05  SCV, Marine x2  
  70  6:10  Marauder  
  75  6:12  SCV  
  76  6:18  Command Center  
  76  6:20  Terran Infantry Weapons Level 1  
  76  6:22  Marine  
  76  6:23  Marine  
  76  6:24  Armory  
  77  6:40  Marine  
  77  6:41  Siege Tank, Marine  
  77  6:43  Medivac  
  84  6:49  Command Center  
  84  6:55  Starport  
  84  6:58  Marine x2  
  82  7:12  SCV  
  82  7:13  Siege Tank  
  86  7:21  Supply Depot  
  86  7:25  Supply Depot  
  86  7:40  Supply Depot  
  86  7:42  SCV, Marauder, Marine  
  91  7:45  Orbital Command  
  91  7:46  Widow Mine  
  91  7:49  Medivac  
  94  7:53  Marine  
  94  7:54  SCV  
  96  8:00  Marine  
  96  8:02  Missile Turret  
  96  8:03  Supply Depot  
  96  8:04  Marauder  
  99  8:06  SCV  
  99  8:11  Planetary Fortress, Marine, Widow Mine  
  103  8:14  Missile Turret  
  103  8:18  SCV  
  104  8:22  Starport Reactor  
  104  8:25  Marauder  
  106  8:30  SCV  
  107  8:43  SCV  
  100  8:52  Marine x2  
  100  8:53  Marauder  
  104  9:10  Marine x2  
  104  9:14  Marauder  
  105  9:27  Marine  
  105  9:28  Marine  
Tags
 
Matchup
TvT
Race
Terran
Spawn Locations
Cross Positions
Add a new tag
Caveats
  • Supply blocks, unpowered buildings, or Contaminate may cause inaccurate times.
  • Supply counts are checked every 10 seconds.